 Dungeon Crawl Stone Soup version 0.19-a0-1920-g83281cb (webtiles) character file.

415 kae the Shield-Bearer (level 7, -13/56 HPs)
             Began as a Formicid Fighter on Oct 23, 2016.
             Mangled by an ogre
             ... wielding a +0 giant spiked club
              (26 damage)
             ... on level 4 of the Dungeon.
             The game lasted 00:02:20 (2808 turns).

kae the Shield-Bearer (Formicid Fighter)            Turns: 2808, Time: 00:02:21

Health: -13/56     AC:  6    Str: 22    XL:     7   Next: 15%
Magic:  7/7        EV:  8    Int:  8    God:
Gold:   219        SH: 10    Dex: 10    Spells: 0 memorised, 6 levels left

rFire  . . .     SeeInvis +     a - +0 long sword
rCold  . . .     Gourm    .     b - +0 scale mail
rNeg   . . .     Faith    .     c - +0 shield
rPois  .         Spirit   .     (helmet unavailable)
rElec  .         Reflect  .     (no cloak)
rCorr  .         Harm     .     (no gloves)
MR     .....                    (no boots)
Stlth  ..........               (no amulet)
                                (no ring)
                                (no ring)

@: no status effects
A: permanent stasis, dig shafts and tunnels, four strong arms, antennae 3
a: Dig, Shaft Self


You were on level 4 of the Dungeon.
You were not hungry.

You visited 1 branch of the dungeon, and saw 4 of its levels.

You collected 219 gold pieces.

Inventory:

Hand Weapons
 a - a +0 long sword (weapon)
Armour
 b - a +0 scale mail (worn)
 c - a +0 shield (worn)
Jewellery
 k - a +2 ring of dexterity {unknown}
 l - a cursed -5 ring of intelligence {unknown}
Scrolls
 e - 2 scrolls of enchant armour {unknown}
 g - 3 scrolls of remove curse {unknown}
 j - 2 scrolls of random uselessness {unknown}
 m - 5 scrolls of teleportation {unknown}
 n - 2 scrolls of identify {unknown}
 t - a scroll of immolation {unknown}
Potions
 h - a potion of flight {unknown}
 i - 4 potions of curing {unknown}
 o - a potion of berserk rage {unknown}
 q - a potion of haste {unknown}
 r - a potion of invisibility {unknown}
 u - a potion of cancellation {unknown}
Comestibles
 f - 5 bread rations
 p - a meat ration


   Skills:
 + Level 5.0 Fighting
 * Level 4.9 Long Blades
 - Level 3.2 Armour
 + Level 5.8 Shields


You had 6 spell levels left.
You didn't know any spells.

Dungeon Overview and Level Annotations

Branches:
Dungeon (4/15)
 Temple: D:4-7

Altars:
Cheibriados


Innate Abilities, Weirdness & Mutations

You are under a permanent stasis effect.
You can dig through walls and to a lower floor.
Your four strong arms can wield two-handed weapons with a shield.
You have a pair of large antennae on your head. (SInv)


Message History

You kill the scorpion!
Your Fighting skill increases to level 5!
You hit the ogre.
The ogre is moderately wounded.
The ogre hits you with a giant spiked club!!
You are too injured to fight recklessly!
You are too injured to fight recklessly!
You are too injured to fight recklessly!
You are too injured to fight recklessly!
You are too injured to fight recklessly!
You are too injured to fight recklessly!
You are too injured to fight recklessly!
You hit the ogre.
The ogre is moderately wounded.
The ogre hits you with a giant spiked club!!
* * * LOW HITPOINT WARNING * * *
You hit the ogre.
The ogre is moderately wounded.
The ogre hits you with a giant spiked club!!
You die...

#.#.# .# #.#.##.#
##...## #....#.#
#.....## ##......#
.......## ##.......#
........####........
........+.........#
........# #O#
.......# #@#
#.....##########.#
##...#.........#.#
##'##.........#.#
###.##.........#.#
....##.........#.#
###.##...........#
##...#.........###
...............#


You could see an ogre.

Vanquished Creatures
  An orc warrior (D:3)
  An ice beast (D:4)
  A big kobold (D:3)
  A scorpion (D:4)
  An orc wizard (D:3)
  2 adders
  An ooze (D:1)
  A worm (D:4)
  2 dart slugs
  4 leopard geckos
  4 orcs
  2 giant cockroaches
  6 goblins
  9 hobgoblins
  4 kobolds
  A quokka (D:3)
  5 bats
  3 frilled lizards
  5 rats
54 creatures vanquished.

Notes
Turn   | Place    | Note
-------+----------+-------------------------------------------
     0 | D:1      | kae the Formicid Fighter began the quest for the Orb.
     0 | D:1      | Reached XP level 1. HP: 18/18 MP: 1/1
    64 | D:1      | Reached XP level 2. HP: 24/24 MP: 2/2
   357 | D:1      | Reached XP level 3. HP: 26/29 MP: 3/3
  1078 | D:2      | Found a snail-covered altar of Cheibriados.
  1518 | D:2      | Reached XP level 4. HP: 29/37 MP: 4/4
  1663 | D:3      | Noticed a big kobold
  1693 | D:3      | Killed a big kobold
  1693 | D:3      | Reached XP level 5. HP: 26/42 MP: 5/5
  1837 | D:3      | Reached skill level 5 in Shields
  2207 | D:3      | Noticed an orc warrior
  2417 | D:3      | Killed an orc warrior
  2417 | D:3      | Reached XP level 6. HP: 24/49 MP: 6/6
  2679 | D:4      | Noticed an ice beast
  2692 | D:4      | Killed an ice beast
  2692 | D:4      | Reached XP level 7. HP: 29/55 MP: 7/7
  2805 | D:4      | Reached skill level 5 in Fighting
  2808 | D:4      | Mangled by an ogre

Vault maps used:
D:1:      dpeg_arrival_rhombi, minmay_misc_feat_pillars
D:2:      overflow_temple_1_default, minmay_pentomino_q2
D:3:      first_bread, minivault_26
D:4:      minmay_three_crescents

Skill      XL: |  1  2  3  4  5  6  7 |
---------------+----------------------+-----
Shields        | 4 5 |  5.8
Fighting       | 4 5 |  5.0
Long Blades    | 3 4 |  4.9
Armour         | |  3.2

Action                   |  1- 3 |  4- 6 |  7- 9 || total
-------------------------+-------+-------+-------++-------
Melee: Long sword        |    90 |   101 |     9 ||   200
 Abil: Dig               |       |     2 |       ||     2
  Use: Potion            |       |     1 |       ||     1
  Eat: Chunk             |     1 |     5 |     1 ||     7
Armor: Scale mail        |    23 |    42 |     2 ||    67
Dodge: Dodged            |    33 |    33 |     1 ||    67
Block: Shield            |    42 |    56 |     2 ||   100
       Rpst.: Long sword |    14 |    12 |       ||    26
